Stars vs Coyotes (R2)

Created - June 7, 2020 at 19:44

Goals
1 2 3 OT1 T
Stars 2 1 0 1 4
Coyotes 0 2 1 0 3
Shots
1 2 3 OT1 T
Stars 13 8 8 9 38
Coyotes 16 7 9 1 33

1st period

1. Stars , Guillaume Latendresse 9 (John Tavares 17) at 18:37 (PP)
2. Stars , Michael Grabner 7 (John Tavares 18, Brian Lee 6) at 19:12 (PP)

Penalties :
Alexander Frolov (Dal) for Hooking (Minor) at 4:56, Alex Chiasson (Dal) for Interference (Minor) at 8:11, Andrew MacDonald (Ari) for Hooking (Minor) at 12:54, Kristopher Letang (Ari) for Interference (Minor) at 18:28, Anton Stralman (Ari) for Cross-checking (Minor) at 18:54, Michael Grabner (Dal) for Interference (Minor) at 19:21

2nd period

3. Coyotes , Marian Gaborik 14 (Brad Richards 11, Zach Parise 10) at 8:12
4. Coyotes , Nazem Kadri 4 (Tyler Ennis 11, Chris Stewart 6) at 14:39
5. Stars , Michael Grabner 8 (John Tavares 19, Guillaume Latendresse 17) at 17:54 (PP)

Penalties :
Jussi Jokinen (Dal) for Holding (Minor) at 2:04, B.J. Crombeen (Dal) for Holding (Minor) at 10:11, Evgeny Artyukhin (Ari) for Hooking (Minor) at 16:21

3rd period

6. Coyotes , Michael Del Zotto 1 (Marian Gaborik 10, Tyler Ennis 12) at 19:52

Penalties :
John Tavares (Dal) for Goalie Interference (Minor) at 0:22, Kristopher Letang (Ari) for Hooking (Minor) at 4:14, B.J. Crombeen (Dal) for Holding (Minor) at 6:21, Jussi Jokinen (Dal) for Roughing (Minor) at 13:07

Overtime #1

7. Stars , Jussi Jokinen 6 (Alex Chiasson 3, Antoine Vermette 5) at 5:57

Penalties :
John Tavares (Dal) for Hooking (Minor) at 0:08

Goalie Stats

Brian Elliott (Dal), 30 saves from 33 shots - (0.909), W, 9-3-0, 65:57 minutes
Thomas McCollum (Ari), 34 saves from 38 shots - (0.895), OTL, 1-0-1, 65:21 minutes

Players Stats for Stars

Player Name              G  A  P  +/- PIM S  H  SB GA TA FO     MP     PP MP  PK MP  
------------------------------------------------------------------------------------
Alex Chiasson            0  1  1   1  2   2  1  0  0  0  0/1    13:16   3:02   0:00 
Alexander Frolov         0  0  0   0  2   0  2  0  0  0  1/2    13:14   0:00   2:52 
Antoine Vermette         0  1  1   1  0   1  3  0  1  0  4/9    20:54   3:02   6:54 
B.J. Crombeen            0  0  0   0  4   0  0  0  0  1  0/0     8:53   0:00   0:00 
Boris Valabik            0  0  0  -1  0   1  3  2  0  0  0/0    22:06   1:48   7:13 
Brian Lee                0  1  1  -1  0   1  2  2  1  0  0/0    32:13   4:10  10:38 
Cam Atkinson             0  0  0  -2  0   2  1  0  0  0  0/0     7:39   0:00   0:00 
Cory Emmerton            0  0  0   0  0   1  0  0  0  0  4/6    12:33   0:00   3:58 
Evgeny Grachev           0  0  0  -2  0   2  0  1  1  0  5/6     9:26   0:00   0:48 
Guillaume Latendresse    1  1  2  -1  0   3  1  0  1  2  0/1    26:12   2:56   9:56 
Ian White                0  0  0  -1  0   2  3  1  0  1  0/0    32:13   4:10  10:38 
John Tavares             0  3  3  -1  4   3  2  0  1  0  22/43  25:40   2:56   7:55 
Johnny Oduya             0  0  0   0  0   1  1  1  1  0  0/0    11:38   0:00   0:00 
Jussi Jokinen            1  0  1   1  4   9  1  0  1  0  1/1    17:54   3:02   3:19 
Lasse Kukkonen           0  0  0  -1  0   0  0  0  1  1  0/0    22:06   1:48   7:13 
Michael Grabner          2  0  2  -1  2   7  2  0  0  0  1/3    15:28   2:56   0:00 
Niklas Hjalmarsson       0  0  0   0  0   1  0  0  0  0  0/0    11:38   0:00   0:00 
Ted Purcell              0  0  0  -2  0   2  1  0  0  0  0/0     8:42   0:00   0:00 

Players Stats for Coyotes

Player Name              G  A  P  +/- PIM S  H  SB GA TA FO     MP     PP MP  PK MP  
------------------------------------------------------------------------------------
Andrew MacDonald         0  0  0   1  2   1  0  0  0  2  0/0    22:44   7:20   1:37 
Anton Lander             0  0  0  -1  0   2  2  0  0  0  1/4     8:16   0:00   0:00 
Anton Stralman           0  0  0  -1  2   1  3  1  0  3  0/0    29:54  10:31   3:37 
Brad Richards            0  1  1   2  0   3  3  0  0  0  16/27  23:34   7:48   2:48 
Chris Stewart            0  1  1   1  0   0  1  0  0  0  1/2    18:36   7:48   0:00 
Evgeny Artyukhin         0  0  0   0  2   0  1  0  1  0  0/1    10:09   0:20   0:00 
Jonathan Ferland         0  0  0  -1  0   0  1  1  0  0  0/0     9:31   0:11   0:00 
Kristopher Letang        0  0  0  -1  4   3  1  1  0  0  0/0    28:56  10:31   2:32 
Marian Gaborik           1  1  2   2  0   4  1  0  2  0  0/2    23:00   9:52   0:00 
Martin Samuelsson        0  0  0   0  0   1  0  1  0  0  0/1    12:58   0:11   3:10 
Matt Donovan             0  0  0   1  0   0  0  0  0  0  0/0    11:50   0:00   0:00 
Michael Del Zotto        1  0  1   2  0   2  1  3  2  0  0/0    23:54   7:20   2:03 
Nazem Kadri              1  0  1   1  0   3  1  1  0  0  13/26  21:10   9:52   0:00 
Nick Bonino              0  0  0   0  0   0  1  0  0  0  1/4     8:22   0:00   0:00 
Ramzi Abid               0  0  0  -1  0   0  0  0  0  0  0/1     8:16   0:00   0:00 
Thomas Hickey            0  0  0   2  0   2  1  2  0  1  0/0    14:40   0:00   2:07 
Tyler Ennis              0  2  2   2  0   8  1  2  0  1  1/3    25:14   9:43   3:10 
Zach Parise              0  1  1   1  0   3  1  1  0  1  1/1    22:38   7:48   2:48 

3 Stars

1 - Marian Gaborik (Ari)
2 - Michael Grabner (Dal)
3 - Michael Del Zotto (Ari)

Power Play

Stars - 3 on 5 Attempt(s) - 60.00%
Coyotes - 0 on 9 Attempt(s) - 0.00%

Penalty Kill

Stars - 9 on 9 Attempt(s) - 100.00% - Score 0 goal in Penalty Kill
Coyotes - 2 on 5 Attempt(s) - 40.00% - Score 0 goal in Penalty Kill

Team Stat

Stars - Hits : 23 - Faceoff Wins : 38 - Blocked Shots : 7 - Penalty Minutes : 18
Coyotes - Hits : 19 - Faceoff Wins : 34 - Blocked Shots : 13 - Penalty Minutes : 10

Official

Referees : Unknown
Linesman : Unknown

Game Notes

No Game Note

Finance

Level 1 -- Attendance: 6000 (100.00%) -- Ticket Income $630,000
Level 2 -- Attendance: 5000 (100.00%) -- Ticket Income $325,000
Level 3 -- Attendance: 2000 (100.00%) -- Ticket Income $80,000
Level 4 -- Attendance: 4000 (100.00%) -- Ticket Income $120,000
Luxury Box -- Attendance: 1000 (100.00%) -- Ticket Income $180,000
Game was played at the The Pack Center.
Total Attendance: 18000 (100.00%)
Total Ticket Income: $1,335,000
Other Income: $200,250
Total Income: $1,535,250

Stars

5 vs 5 Forward 
   Center                   Left Wing                Right Wing               Time % Phy DF OF 
 1 John Tavares             Guillaume Latendresse    Michael Grabner          40     0   2  3  
 2 Antoine Vermette         Jussi Jokinen            Alex Chiasson            30     0   2  3  
 3 Cory Emmerton            Alexander Frolov         B.J. Crombeen            20     1   2  2  
 4 Evgeny Grachev           Ted Purcell              Cam Atkinson             10     1   2  2  

5 vs 5 Defense 
   Defense                  Defense                                           Time % Phy DF OF 
 1 Ian White                Brian Lee                                         40     1   2  2  
 2 Boris Valabik            Lasse Kukkonen                                    30     1   2  2  
 3 Johnny Oduya             Niklas Hjalmarsson                                20     1   2  2  
 4 Ian White                Brian Lee                                         10     1   2  2  

PowerPlay Forward 
   Center                   Left Wing                Right Wing               Time % Phy DF OF 
 1 John Tavares             Guillaume Latendresse    Michael Grabner          60     0   2  3  
 2 Antoine Vermette         Jussi Jokinen            Alex Chiasson            40     0   2  3  

PowerPlay Defense
   Defense                  Defense                                           Time % Phy DF OF 
 1 Ian White                Brian Lee                                         60     0   2  3  
 2 Boris Valabik            Lasse Kukkonen                                    40     0   2  3  

Penalty Kill 4 Players Forward 
   Center                   Wing                     Time % Phy DF OF 
 1 John Tavares             Guillaume Latendresse    60     0   3  2  
 2 Jussi Jokinen            Antoine Vermette         40     0   3  2  

Penalty Kill 4 Players Defense
   Defense                  Defense                  Time % Phy DF OF 
 1 Ian White                Brian Lee                60     0   3  2  
 2 Boris Valabik            Lasse Kukkonen           40     0   3  2  

Penalty Kill - 3 Players Forward 
   Forward                                           Time % Phy DF OF 
 1 John Tavares                                      60     0   3  2  
 2 Guillaume Latendresse                             40     0   3  2  

Penalty Kill - 3 Players Defense
   Defense                  Defense                  Time % Phy DF OF 
 1 Ian White                Brian Lee                60     0   3  2  
 2 Boris Valabik            Lasse Kukkonen           40     0   3  2  

4 vs 4 Forward 
   Center                   Wing                     Time % Phy DF OF 
 1 John Tavares             Guillaume Latendresse    60     0   2  3  
 2 Jussi Jokinen            Antoine Vermette         40     0   2  3  

4 vs 4 Defense
   Defense                  Defense                  Time % Phy DF OF 
 1 Ian White                Brian Lee                60     1   2  2  
 2 Boris Valabik            Lasse Kukkonen           40     1   2  2  

Last Minutes Offensive
   Center                   Left Wing                Right Wing               Defense                  Defense                  
   John Tavares             Guillaume Latendresse    Michael Grabner          Ian White                Brian Lee                

Last Minutes Defensive
   Center                   Left Wing                Right Wing               Defense                  Defense                  
   John Tavares             Guillaume Latendresse    Michael Grabner          Ian White                Brian Lee                

Goaltenders
Starting : Brian Elliott            
Backup : Cory Schneider           

Extra Forwards
Normal : Alexander Frolov, Ted Purcell, Cory Emmerton - PP : Alexander Frolov, Ted Purcell - PK : Cory Emmerton
Extra Defensemen
Normal : Johnny Oduya, Niklas Hjalmarsson, Boris Valabik - PP : Johnny Oduya - PK : Niklas Hjalmarsson, Boris Valabik
Penalty Shots
John Tavares, Guillaume Latendresse, Jussi Jokinen, Antoine Vermette, Alexander Frolov

Scratches
Lee Stempniak (Healthy), Andrej Sustr (Healthy), Brian Flynn (Healthy)

Coyotes

5 vs 5 Forward 
   Center                   Left Wing                Right Wing               Time % Phy DF OF 
 1 Brad Richards            Zach Parise              Marian Gaborik           38     0   3  2  
 2 Nazem Kadri              Tyler Ennis              Chris Stewart            32     0   3  2  
 3 Nick Bonino              Martin Samuelsson        Evgeny Artyukhin         20     0   3  2  
 4 Anton Lander             Ramzi Abid               Jonathan Ferland         10     1   3  1  

5 vs 5 Defense 
   Defense                  Defense                                           Time % Phy DF OF 
 1 Kristopher Letang        Anton Stralman                                    40     0   3  2  
 2 Andrew MacDonald         Michael Del Zotto                                 35     1   2  2  
 3 Matt Donovan             Thomas Hickey                                     25     0   3  2  
 4 Kristopher Letang        Michael Del Zotto                                 0      1   2  2  

PowerPlay Forward 
   Center                   Left Wing                Right Wing               Time % Phy DF OF 
 1 Nazem Kadri              Tyler Ennis              Marian Gaborik           60     0   1  4  
 2 Brad Richards            Zach Parise              Chris Stewart            40     0   1  4  

PowerPlay Defense
   Defense                  Defense                                           Time % Phy DF OF 
 1 Kristopher Letang        Anton Stralman                                    60     0   2  3  
 2 Andrew MacDonald         Michael Del Zotto                                 40     0   2  3  

Penalty Kill 4 Players Forward 
   Center                   Wing                     Time % Phy DF OF 
 1 Brad Richards            Zach Parise              50     1   3  1  
 2 Tyler Ennis              Martin Samuelsson        50     1   3  1  

Penalty Kill 4 Players Defense
   Defense                  Defense                  Time % Phy DF OF 
 1 Kristopher Letang        Anton Stralman           60     1   4  0  
 2 Andrew MacDonald         Michael Del Zotto        40     1   4  0  

Penalty Kill - 3 Players Forward 
   Forward                                           Time % Phy DF OF 
 1 Zach Parise                                       60     1   4  0  
 2 Martin Samuelsson                                 40     1   4  0  

Penalty Kill - 3 Players Defense
   Defense                  Defense                  Time % Phy DF OF 
 1 Kristopher Letang        Anton Stralman           60     1   4  0  
 2 Andrew MacDonald         Michael Del Zotto        40     1   4  0  

4 vs 4 Forward 
   Center                   Wing                     Time % Phy DF OF 
 1 Brad Richards            Zach Parise              60     1   2  2  
 2 Nazem Kadri              Tyler Ennis              40     1   2  2  

4 vs 4 Defense
   Defense                  Defense                  Time % Phy DF OF 
 1 Kristopher Letang        Anton Stralman           60     1   2  2  
 2 Andrew MacDonald         Michael Del Zotto        40     1   2  2  

Last Minutes Offensive
   Center                   Left Wing                Right Wing               Defense                  Defense                  
   Brad Richards            Tyler Ennis              Marian Gaborik           Kristopher Letang        Michael Del Zotto        

Last Minutes Defensive
   Center                   Left Wing                Right Wing               Defense                  Defense                  
   Brad Richards            Zach Parise              Marian Gaborik           Kristopher Letang        Anton Stralman           

Goaltenders
Starting : Thomas McCollum          
Backup : Maxime Daigneault        

Extra Forwards
Normal : Evgeny Artyukhin, Martin Samuelsson, Nick Bonino - PP : Evgeny Artyukhin, Martin Samuelsson - PK : Tyler Ennis
Extra Defensemen
Normal : Matt Donovan, Thomas Hickey, Michael Del Zotto - PP : Matt Donovan - PK : Thomas Hickey, Matt Donovan
Penalty Shots
Tyler Ennis, Marian Gaborik, Zach Parise, Nazem Kadri, Brad Richards

Scratches
Josh Gorges (Torn Left ACL Injury), Mike Weber (Healthy), Jamie Arniel (Strained Left Knee Injury)

% Time on Ice - Stars

Lines # - Real PCT - Wanted PCT - Time Play
Normal Forward
1 - 35% - 40% - 14:17
2 - 26% - 30% - 10:42
3 - 21% - 20% - 8:28
4 - 19% - 10% - 7:39
Normal Defense
1 - 39% - 40% - 15:51
2 - 32% - 30% - 13:05
3 - 28% - 20% - 11:33
4 - 2% - 10% - 0:37
PP Forward
1 - 49% - 60% - 2:56
2 - 51% - 40% - 3:02
PP Defense
1 - 70% - 60% - 4:10
2 - 30% - 40% - 1:48
PK Forward
1 - 73% - 60% - 12:57
2 - 27% - 40% - 4:54
PK Defense
1 - 60% - 60% - 10:38
2 - 40% - 40% - 7:13
PK3 Forward
1 - 0% - 60%
2 - 0% - 40%
PK3 Defense
1 - 0% - 60%
2 - 0% - 40%
44 Forward
1 - 0% - 60%
2 - 0% - 40%
44 Defense
1 - 0% - 60%
2 - 0% - 40%
Last Minute Offensive  - 0:00
Last Minute Defensive  - 1:02
Total
Forward - 65:57
Defense - 65:57

% Time on Ice - Coyotes

Lines # - Real PCT - Wanted PCT - Time Play
Normal Forward
1 - 33% - 38% - 13:24
2 - 28% - 32% - 11:39
3 - 19% - 20% - 7:46
4 - 20% - 10% - 8:16
Normal Defense
1 - 37% - 40% - 15:22
2 - 34% - 35% - 13:53
3 - 29% - 25% - 11:50
4 - 0% - 0% - 0:00
PP Forward
1 - 56% - 60% - 10:03
2 - 44% - 40% - 7:48
PP Defense
1 - 59% - 60% - 10:31
2 - 41% - 40% - 7:20
PK Forward
1 - 47% - 50% - 2:48
2 - 53% - 50% - 3:10
PK Defense
1 - 66% - 60% - 3:55
2 - 34% - 40% - 2:03
PK3 Forward
1 - 0% - 60%
2 - 0% - 40%
PK3 Defense
1 - 0% - 60%
2 - 0% - 40%
44 Forward
1 - 0% - 60%
2 - 0% - 40%
44 Defense
1 - 0% - 60%
2 - 0% - 40%
Last Minute Offensive  - 1:03
Last Minute Defensive  - 0:00
Total
Forward - 65:57
Defense - 65:57

Play-by-Play

1st period


0:01 of 1st period - John Tavares wins face-off versus Brad Richards in neutral zone.
1:16 of 1st period - Snap shot by Cory Emmerton.
1:16 of 1st period - Shot Blocked by Thomas Hickey.
1:18 of 1st period - Snap shot by Ted Purcell.
1:18 of 1st period - Stopped by Thomas McCollum without a rebound.
1:19 of 1st period - Evgeny Grachev wins face-off versus Ramzi Abid in Coyotes zone.
1:36 of 1st period - Wrist shot by Anton Lander.
1:36 of 1st period - Stopped by Brian Elliott without a rebound.
1:37 of 1st period - John Tavares wins face-off versus Brad Richards in Stars zone.
1:48 of 1st period - Slapshot by Guillaume Latendresse.
1:48 of 1st period - Stopped by Thomas McCollum with a rebound.
2:04 of 1st period - Nazem Kadri is hit by Antoine Vermette and loses puck.
2:47 of 1st period - Wrist shot by Zach Parise.
2:47 of 1st period - Shot Misses the Net.
2:53 of 1st period - Slapshot by Zach Parise.
2:53 of 1st period - Stopped by Brian Elliott without a rebound.
2:54 of 1st period - John Tavares wins face-off versus Marian Gaborik in Stars zone.
3:00 of 1st period - Off-side.
3:01 of 1st period - John Tavares wins face-off versus Chris Stewart in neutral zone.
3:30 of 1st period - Snap shot by Michael Grabner.
3:30 of 1st period - Stopped by Thomas McCollum without a rebound.
3:31 of 1st period - Brad Richards wins face-off versus Antoine Vermette in Coyotes zone.
3:58 of 1st period - Martin Samuelsson is hit by Boris Valabik.
4:01 of 1st period - Off-side.
4:02 of 1st period - Evgeny Grachev wins face-off versus Nick Bonino in neutral zone.
4:15 of 1st period - Snap shot by Evgeny Grachev.
4:15 of 1st period - Stopped by Thomas McCollum without a rebound.
4:16 of 1st period - Brad Richards wins face-off versus John Tavares in Coyotes zone.
4:25 of 1st period - Slapshot by Zach Parise.
4:25 of 1st period - Stopped by Brian Elliott with a rebound.
4:56 of 1st period - Minor Penalty to Alexander Frolov for Hooking.
4:57 of 1st period - Nazem Kadri wins face-off versus John Tavares in Stars zone.
5:06 of 1st period - Snap shot by Tyler Ennis.
5:06 of 1st period - Stopped by Brian Elliott with a rebound.
5:08 of 1st period - Slapshot by Anton Stralman.
5:08 of 1st period - Deflect By Ian White.
5:08 of 1st period - Stopped by Brian Elliott without a rebound.
5:09 of 1st period - John Tavares wins face-off versus Brad Richards in Stars zone.
5:15 of 1st period - Icing by Kristopher Letang.
5:16 of 1st period - Brad Richards wins face-off versus John Tavares in Coyotes zone.
5:23 of 1st period - Slapshot by Kristopher Letang.
5:23 of 1st period - Stopped by Brian Elliott with a rebound.
5:25 of 1st period - Snap shot by Zach Parise.
5:25 of 1st period - Stopped by Brian Elliott with a rebound.
5:27 of 1st period - Slapshot by Kristopher Letang.
5:27 of 1st period - Stopped by Brian Elliott without a rebound.
5:28 of 1st period - John Tavares wins face-off versus Nazem Kadri in Stars zone.
5:28 of 1st period - John Tavares is hit by Kristopher Letang.
5:38 of 1st period - Wrist shot by Nazem Kadri.
5:38 of 1st period - Stopped by Brian Elliott without a rebound.
5:39 of 1st period - Nazem Kadri wins face-off versus John Tavares in Stars zone.
5:52 of 1st period - Wrist shot by Tyler Ennis.
5:52 of 1st period - Shot Blocked by Brian Lee.
5:54 of 1st period - Wrist shot by Nazem Kadri.
5:54 of 1st period - Deflect By Marian Gaborik.
5:54 of 1st period - Stopped by Brian Elliott without a rebound.
5:55 of 1st period - Nazem Kadri wins face-off versus John Tavares in Stars zone.
6:56 of 1st period - Penalty to Alexander Frolov is over, Alexander Frolov is back on ice.
7:30 of 1st period - Snap shot by Marian Gaborik.
7:30 of 1st period - Stopped by Brian Elliott without a rebound.
7:31 of 1st period - Nick Bonino wins face-off versus Antoine Vermette in Stars zone.
7:38 of 1st period - Nick Bonino is hit by Brian Lee and loses puck.
8:08 of 1st period - Backhand shot by Ramzi Abid.
8:08 of 1st period - Deflect By Anton Lander.
8:08 of 1st period - Stopped by Brian Elliott without a rebound.
8:09 of 1st period - Antoine Vermette wins face-off versus Nick Bonino in Stars zone.
8:11 of 1st period - Minor Penalty to Alex Chiasson for Interference.
8:12 of 1st period - Brad Richards wins face-off versus John Tavares in Stars zone.
8:21 of 1st period - Off-side.
8:22 of 1st period - Chris Stewart wins face-off versus John Tavares in neutral zone.
9:20 of 1st period - Wrist shot by Brad Richards.
9:20 of 1st period - Shot Misses the Net.
9:40 of 1st period - Slapshot by Zach Parise.
9:40 of 1st period - Deflect By Lasse Kukkonen.
9:40 of 1st period - Shot Misses the Net.
9:40 of 1st period - Puck is out of play.
9:41 of 1st period - John Tavares wins face-off versus Nazem Kadri in Stars zone.
10:11 of 1st period - Penalty to Alex Chiasson is over, Alex Chiasson is back on ice.
10:22 of 1st period - Slapshot by Thomas Hickey.
10:22 of 1st period - Stopped by Brian Elliott without a rebound.
10:23 of 1st period - Jussi Jokinen wins face-off versus Nick Bonino in Stars zone.
11:09 of 1st period - Wrist shot by Tyler Ennis.
11:09 of 1st period - Shot Blocked by Boris Valabik.
11:11 of 1st period - Snap shot by Tyler Ennis.
11:11 of 1st period - Shot Blocked by Boris Valabik.
11:52 of 1st period - Snap shot by Jussi Jokinen.
11:52 of 1st period - Shot Blocked by Anton Stralman.
12:04 of 1st period - Anton Stralman is hit by Ian White and loses puck.
12:29 of 1st period - Snap shot by Nazem Kadri.
12:29 of 1st period - Stopped by Brian Elliott without a rebound.
12:30 of 1st period - John Tavares wins face-off versus Brad Richards in Stars zone.
12:41 of 1st period - Wrist shot by John Tavares.
12:41 of 1st period - Stopped by Thomas McCollum with a rebound.
12:43 of 1st period - Slapshot by Michael Grabner.
12:43 of 1st period - Stopped by Thomas McCollum without a rebound.
12:44 of 1st period - John Tavares wins face-off versus Nazem Kadri in Coyotes zone.
12:51 of 1st period - Wrist shot by John Tavares.
12:51 of 1st period - Deflect By Guillaume Latendresse.
12:51 of 1st period - Shot Misses the Net.
12:51 of 1st period - Puck is out of play.
12:52 of 1st period - Nazem Kadri wins face-off versus John Tavares in Coyotes zone.
12:54 of 1st period - Minor Penalty to Andrew MacDonald for Hooking.
12:55 of 1st period - Brad Richards wins face-off versus John Tavares in Coyotes zone.
13:38 of 1st period - Wrist shot by John Tavares.
13:38 of 1st period - Shot Misses the Net.
13:40 of 1st period - Wrist shot by Guillaume Latendresse.
13:40 of 1st period - Shot Hit the Post.
13:42 of 1st period - Snap shot by Guillaume Latendresse.
13:42 of 1st period - Shot Misses the Net.
13:44 of 1st period - Slapshot by Lasse Kukkonen.
13:44 of 1st period - Shot Misses the Net.
13:46 of 1st period - Snap shot by Michael Grabner.
13:46 of 1st period - Shot Blocked by Michael Del Zotto.
13:48 of 1st period - Snap shot by Michael Grabner.
13:48 of 1st period - Stopped by Thomas McCollum without a rebound.
13:49 of 1st period - Brad Richards wins face-off versus Antoine Vermette in Coyotes zone.
13:49 of 1st period - Brad Richards is hit by Ian White.
14:20 of 1st period - Kristopher Letang is hit by Jussi Jokinen and loses puck.
14:54 of 1st period - Penalty to Andrew MacDonald is over, Andrew MacDonald is back on ice.
14:58 of 1st period - Off-side.
14:59 of 1st period - Anton Lander wins face-off versus Cory Emmerton in neutral zone.
15:31 of 1st period - Michael Del Zotto is hit by Ted Purcell.
15:49 of 1st period - Zach Parise is hit by Antoine Vermette and loses puck.
16:02 of 1st period - Jussi Jokinen is hit by Brad Richards.
16:06 of 1st period - Marian Gaborik is hit by Johnny Oduya and loses puck.
16:40 of 1st period - Wrist shot by Marian Gaborik.
16:40 of 1st period - Shot Blocked by Johnny Oduya.
16:54 of 1st period - Wrist shot by Jussi Jokinen.
16:54 of 1st period - Stopped by Thomas McCollum without a rebound.
16:55 of 1st period - Nazem Kadri wins face-off versus John Tavares in Coyotes zone.
17:04 of 1st period - Wrist shot by John Tavares.
17:04 of 1st period - Shot Misses the Net.
17:06 of 1st period - Snap shot by John Tavares.
17:06 of 1st period - Shot Misses the Net.
17:08 of 1st period - Wrist shot by Brian Lee.
17:08 of 1st period - Shot Misses the Net.
17:10 of 1st period - Snap shot by Guillaume Latendresse.
17:10 of 1st period - Deflect By Michael Grabner.
17:10 of 1st period - Stopped by Thomas McCollum with a rebound.
17:12 of 1st period - Slapshot by Ian White.
17:12 of 1st period - Stopped by Thomas McCollum with a rebound.
17:22 of 1st period - Alexander Frolov is hit by Nick Bonino and loses puck.
17:58 of 1st period - Cory Emmerton is hit by Michael Del Zotto and loses puck.
18:11 of 1st period - Lasse Kukkonen is hit by Tyler Ennis.
18:17 of 1st period - Wrist shot by Tyler Ennis.
18:17 of 1st period - Stopped by Brian Elliott with a rebound.
18:28 of 1st period - Minor Penalty to Kristopher Letang for Interference.
18:29 of 1st period - John Tavares wins face-off versus Brad Richards in Coyotes zone.
18:37 of 1st period - Snap shot by Guillaume Latendresse.
18:37 of 1st period - Goal by Guillaume Latendresse - Stars : 1 - Coyotes : 0.
18:38 of 1st period - John Tavares wins face-off versus Nazem Kadri in neutral zone.
18:54 of 1st period - Minor Penalty to Anton Stralman for Cross-checking.
18:55 of 1st period - Michael Grabner wins face-off versus Martin Samuelsson in Coyotes zone.
19:04 of 1st period - Wrist shot by John Tavares.
19:04 of 1st period - Shot Misses the Net.
19:06 of 1st period - Slapshot by Ian White.
19:06 of 1st period - Shot Blocked by Martin Samuelsson.
19:08 of 1st period - Slapshot by Brian Lee.
19:08 of 1st period - Stopped by Thomas McCollum with a rebound.
19:12 of 1st period - Slapshot by John Tavares.
19:12 of 1st period - Deflect By Michael Grabner.
19:12 of 1st period - Goal by Michael Grabner - Stars : 2 - Coyotes : 0.
19:13 of 1st period - John Tavares wins face-off versus Nazem Kadri in neutral zone.
19:21 of 1st period - Minor Penalty to Michael Grabner for Interference.
19:22 of 1st period - John Tavares wins face-off versus Nazem Kadri in Stars zone.
19:42 of 1st period - Tyler Ennis is hit by John Tavares and loses puck.
19:59 of 1st period - Snap shot by Brad Richards.
19:59 of 1st period - Stopped by Brian Elliott with a rebound.
Goals for this period are 2 for Stars vs 0 for Coyotes.
Shots for this period are 13 for Stars vs 16 for Coyotes.

2nd period


0:01 of 2nd period - John Tavares wins face-off versus Nazem Kadri in neutral zone.
0:26 of 2nd period - Jussi Jokinen is hit by Zach Parise and loses puck.
0:35 of 2nd period - Snap shot by Brad Richards.
0:35 of 2nd period - Shot Misses the Net.
0:37 of 2nd period - Snap shot by Brad Richards.
0:37 of 2nd period - Stopped by Brian Elliott without a rebound.
0:38 of 2nd period - John Tavares wins face-off versus Nazem Kadri in Stars zone.
0:38 of 2nd period - John Tavares is hit by Nazem Kadri.
0:54 of 2nd period - Wrist shot by Guillaume Latendresse.
0:54 of 2nd period - Shot Blocked by Michael Del Zotto.
1:21 of 2nd period - Penalty to Michael Grabner is over, Michael Grabner is back on ice.
2:04 of 2nd period - Minor Penalty to Jussi Jokinen for Holding.
2:05 of 2nd period - Tyler Ennis wins face-off versus John Tavares in Stars zone.
2:19 of 2nd period - Wrist shot by Cory Emmerton.
2:19 of 2nd period - Stopped by Thomas McCollum with a rebound.
2:31 of 2nd period - Michael Del Zotto is hit by Brian Lee and loses puck.
4:04 of 2nd period - Penalty to Jussi Jokinen is over, Jussi Jokinen is back on ice.
4:15 of 2nd period - Slapshot by Kristopher Letang.
4:15 of 2nd period - Stopped by Brian Elliott with a rebound.
4:30 of 2nd period - Icing by Matt Donovan.
4:31 of 2nd period - Evgeny Grachev wins face-off versus Anton Lander in Coyotes zone.
4:32 of 2nd period - Wrist shot by Cam Atkinson.
4:32 of 2nd period - Deflect By Evgeny Grachev.
4:32 of 2nd period - Stopped by Thomas McCollum without a rebound.
4:33 of 2nd period - Brad Richards wins face-off versus Evgeny Grachev in Coyotes zone.
5:27 of 2nd period - Snap shot by Ted Purcell.
5:27 of 2nd period - Shot Misses the Net.
5:29 of 2nd period - Wrist shot by Johnny Oduya.
5:29 of 2nd period - Shot Misses the Net.
5:31 of 2nd period - Wrist shot by Ted Purcell.
5:31 of 2nd period - Deflect By Evgeny Grachev.
5:31 of 2nd period - Shot Blocked by Zach Parise.
5:31 of 2nd period - Puck is out of play.
5:32 of 2nd period - John Tavares wins face-off versus Nazem Kadri in Coyotes zone.
6:07 of 2nd period - Icing by Alex Chiasson.
6:08 of 2nd period - Antoine Vermette wins face-off versus Tyler Ennis in Stars zone.
6:48 of 2nd period - Snap shot by Jussi Jokinen.
6:48 of 2nd period - Shot Blocked by Tyler Ennis.
6:50 of 2nd period - Wrist shot by Antoine Vermette.
6:50 of 2nd period - Shot Blocked by Tyler Ennis.
6:52 of 2nd period - Slapshot by Antoine Vermette.
6:52 of 2nd period - Shot Misses the Net.
6:54 of 2nd period - Snap shot by Jussi Jokinen.
6:54 of 2nd period - Stopped by Thomas McCollum without a rebound.
6:55 of 2nd period - John Tavares wins face-off versus Brad Richards in Coyotes zone.
7:34 of 2nd period - Wrist shot by Martin Samuelsson.
7:34 of 2nd period - Stopped by Brian Elliott with a rebound.
7:46 of 2nd period - Lasse Kukkonen is hit by Anton Lander.
7:58 of 2nd period - Evgeny Grachev is hit by Anton Stralman.
8:12 of 2nd period - Snap shot by Marian Gaborik.
8:12 of 2nd period - Goal by Marian Gaborik - Stars : 2 - Coyotes : 1.
8:13 of 2nd period - Nazem Kadri wins face-off versus Michael Grabner in neutral zone.
8:28 of 2nd period - Ian White is hit by Chris Stewart and loses puck.
9:09 of 2nd period - Wrist shot by Evgeny Artyukhin.
9:09 of 2nd period - Shot Blocked by Evgeny Grachev.
9:26 of 2nd period - Off-side.
9:27 of 2nd period - Cory Emmerton wins face-off versus Tyler Ennis in neutral zone.
10:11 of 2nd period - Minor Penalty to B.J. Crombeen for Holding.
10:12 of 2nd period - Nazem Kadri wins face-off versus John Tavares in Stars zone.
12:11 of 2nd period - Penalty to B.J. Crombeen is over, B.J. Crombeen is back on ice.
12:45 of 2nd period - Alexander Frolov is hit by Anton Lander and loses puck.
13:14 of 2nd period - Wrist shot by Guillaume Latendresse.
13:14 of 2nd period - Stopped by Thomas McCollum with a rebound.
13:46 of 2nd period - Icing by Ted Purcell.
13:47 of 2nd period - Evgeny Grachev wins face-off versus Nazem Kadri in Stars zone.
14:37 of 2nd period - Slapshot by Nazem Kadri.
14:37 of 2nd period - Shot Misses the Net.
14:39 of 2nd period - Snap shot by Nazem Kadri.
14:39 of 2nd period - Goal by Nazem Kadri - Stars : 2 - Coyotes : 2.
14:40 of 2nd period - Brad Richards wins face-off versus John Tavares in neutral zone.
14:43 of 2nd period - Boris Valabik is hit by Marian Gaborik and loses puck.
15:06 of 2nd period - Alex Chiasson is hit by Evgeny Artyukhin and loses puck.
15:13 of 2nd period - Snap shot by Nick Bonino.
15:13 of 2nd period - Shot Misses the Net.
16:21 of 2nd period - Minor Penalty to Evgeny Artyukhin for Hooking.
16:22 of 2nd period - Brad Richards wins face-off versus Alex Chiasson in Coyotes zone.
16:35 of 2nd period - Snap shot by Brad Richards.
16:35 of 2nd period - Shot Blocked by Brian Lee.
16:54 of 2nd period - Wrist shot by Tyler Ennis.
16:54 of 2nd period - Stopped by Brian Elliott with a rebound.
17:25 of 2nd period - Snap shot by Martin Samuelsson.
17:25 of 2nd period - Shot Misses the Net.
17:39 of 2nd period - Kristopher Letang is hit by Antoine Vermette and loses puck.
17:44 of 2nd period - Wrist shot by Jussi Jokinen.
17:44 of 2nd period - Shot Misses the Net.
17:46 of 2nd period - Slapshot by Ian White.
17:46 of 2nd period - Stopped by Thomas McCollum with a rebound.
17:48 of 2nd period - Snap shot by Alex Chiasson.
17:48 of 2nd period - Stopped by Thomas McCollum without a rebound.
17:49 of 2nd period - John Tavares wins face-off versus Brad Richards in Coyotes zone.
17:52 of 2nd period - Wrist shot by John Tavares.
17:52 of 2nd period - Shot Misses the Net.
17:54 of 2nd period - Snap shot by Michael Grabner.
17:54 of 2nd period - Goal by Michael Grabner - Stars : 3 - Coyotes : 2.
17:55 of 2nd period - John Tavares wins face-off versus Brad Richards in neutral zone.
17:58 of 2nd period - Slapshot by Boris Valabik.
17:58 of 2nd period - Shot Misses the Net.
18:06 of 2nd period - Wrist shot by Brad Richards.
18:06 of 2nd period - Stopped by Brian Elliott without a rebound.
18:07 of 2nd period - Brad Richards wins face-off versus Michael Grabner in Stars zone.
18:28 of 2nd period - Zach Parise is hit by Michael Grabner.
19:13 of 2nd period - Snap shot by Jussi Jokinen.
19:13 of 2nd period - Shot Blocked by Michael Del Zotto.
19:33 of 2nd period - Wrist shot by Cam Atkinson.
19:33 of 2nd period - Shot Blocked by Jonathan Ferland.
19:45 of 2nd period - Wrist shot by John Tavares.
19:45 of 2nd period - Stopped by Thomas McCollum without a rebound.
19:46 of 2nd period - John Tavares wins face-off versus Brad Richards in Coyotes zone.
Goals for this period are 1 for Stars vs 2 for Coyotes.
Shots for this period are 8 for Stars vs 7 for Coyotes.

3rd period


0:01 of 3rd period - Brad Richards wins face-off versus John Tavares in neutral zone.
0:22 of 3rd period - Minor Penalty to John Tavares for Goalie Interference.
0:23 of 3rd period - Nazem Kadri wins face-off versus Cory Emmerton in Stars zone.
0:28 of 3rd period - Snap shot by Tyler Ennis.
0:28 of 3rd period - Stopped by Brian Elliott with a rebound.
0:50 of 3rd period - Nazem Kadri is hit by Guillaume Latendresse and loses puck.
1:03 of 3rd period - Slapshot by Michael Del Zotto.
1:03 of 3rd period - Stopped by Brian Elliott without a rebound.
1:04 of 3rd period - Brad Richards wins face-off versus Alexander Frolov in Stars zone.
1:31 of 3rd period - Tyler Ennis is hit by Boris Valabik and loses puck.
2:22 of 3rd period - Penalty to John Tavares is over, John Tavares is back on ice.
3:31 of 3rd period - Wrist shot by Guillaume Latendresse.
3:31 of 3rd period - Shot Misses the Net.
4:14 of 3rd period - Minor Penalty to Kristopher Letang for Hooking.
4:15 of 3rd period - Brad Richards wins face-off versus John Tavares in Coyotes zone.
4:43 of 3rd period - Slapshot by Ian White.
4:43 of 3rd period - Shot Blocked by Thomas Hickey.
4:45 of 3rd period - Snap shot by Brian Lee.
4:45 of 3rd period - Shot Misses the Net.
4:51 of 3rd period - Backhand shot by Jussi Jokinen.
4:51 of 3rd period - Stopped by Thomas McCollum without a rebound.
4:52 of 3rd period - Brad Richards wins face-off versus John Tavares in Coyotes zone.
5:23 of 3rd period - Snap shot by Boris Valabik.
5:23 of 3rd period - Stopped by Thomas McCollum with a rebound.
5:25 of 3rd period - Backhand shot by Alex Chiasson.
5:25 of 3rd period - Stopped by Thomas McCollum with a rebound.
5:35 of 3rd period - Guillaume Latendresse is hit by Thomas Hickey and loses puck.
6:14 of 3rd period - Penalty to Kristopher Letang is over, Kristopher Letang is back on ice.
6:21 of 3rd period - Minor Penalty to B.J. Crombeen for Holding.
6:22 of 3rd period - Nazem Kadri wins face-off versus John Tavares in Stars zone.
8:21 of 3rd period - Penalty to B.J. Crombeen is over, B.J. Crombeen is back on ice.
8:28 of 3rd period - Slapshot by Jussi Jokinen.
8:28 of 3rd period - Stopped by Thomas McCollum with a rebound.
9:17 of 3rd period - Brian Lee is hit by Brad Richards and loses puck.
10:12 of 3rd period - Snap shot by John Tavares.
10:12 of 3rd period - Stopped by Thomas McCollum without a rebound.
10:13 of 3rd period - John Tavares wins face-off versus Anton Lander in Coyotes zone.
10:50 of 3rd period - Off-side.
10:51 of 3rd period - Antoine Vermette wins face-off versus Nazem Kadri in neutral zone.
10:58 of 3rd period - Snap shot by Tyler Ennis.
10:58 of 3rd period - Stopped by Brian Elliott with a rebound.
11:00 of 3rd period - Slapshot by Andrew MacDonald.
11:00 of 3rd period - Stopped by Brian Elliott without a rebound.
11:01 of 3rd period - Nazem Kadri wins face-off versus John Tavares in Stars zone.
11:26 of 3rd period - Snap shot by Tyler Ennis.
11:26 of 3rd period - Stopped by Brian Elliott without a rebound.
11:27 of 3rd period - Brad Richards wins face-off versus Antoine Vermette in Stars zone.
11:28 of 3rd period - Slapshot by Marian Gaborik.
11:28 of 3rd period - Shot Misses the Net.
11:40 of 3rd period - Snap shot by Marian Gaborik.
11:40 of 3rd period - Stopped by Brian Elliott with a rebound.
11:50 of 3rd period - Marian Gaborik is hit by Alex Chiasson and loses puck.
11:57 of 3rd period - Snap shot by Jussi Jokinen.
11:57 of 3rd period - Stopped by Thomas McCollum without a rebound.
11:58 of 3rd period - Nazem Kadri wins face-off versus John Tavares in Coyotes zone.
12:07 of 3rd period - Snap shot by Nazem Kadri.
12:07 of 3rd period - Deflect By Tyler Ennis.
12:07 of 3rd period - Stopped by Brian Elliott without a rebound.
12:08 of 3rd period - Nazem Kadri wins face-off versus Guillaume Latendresse in Stars zone.
12:39 of 3rd period - Snap shot by Michael Grabner.
12:39 of 3rd period - Stopped by Thomas McCollum without a rebound.
12:40 of 3rd period - Antoine Vermette wins face-off versus Brad Richards in Coyotes zone.
12:41 of 3rd period - Snap shot by Jussi Jokinen.
12:41 of 3rd period - Stopped by Thomas McCollum without a rebound.
12:42 of 3rd period - Brad Richards wins face-off versus Antoine Vermette in Coyotes zone.
13:07 of 3rd period - Minor Penalty to Jussi Jokinen for Roughing.
13:08 of 3rd period - Nazem Kadri wins face-off versus John Tavares in Stars zone.
13:15 of 3rd period - Slapshot by Tyler Ennis.
13:15 of 3rd period - Stopped by Brian Elliott with a rebound.
13:39 of 3rd period - Slapshot by Anton Stralman.
13:39 of 3rd period - Shot Blocked by Ian White.
15:07 of 3rd period - Penalty to Jussi Jokinen is over, Jussi Jokinen is back on ice.
15:12 of 3rd period - Brad Richards is hit by Alexander Frolov and loses puck.
16:36 of 3rd period - Matt Donovan is hit by John Tavares and loses puck.
17:01 of 3rd period - Evgeny Artyukhin is hit by Cam Atkinson and loses puck.
17:39 of 3rd period - Tyler Ennis is hit by Ian White and loses puck.
17:52 of 3rd period - Brian Lee is hit by Jonathan Ferland.
18:45 of 3rd period - John Tavares is hit by Brad Richards and loses puck.
19:13 of 3rd period - Ian White is hit by Anton Stralman and loses puck.
19:16 of 3rd period - Coyotes, Thomas McCollum is pulled from the net.
19:50 of 3rd period - Wrist shot by Marian Gaborik.
19:50 of 3rd period - Shot Misses the Net.
19:52 of 3rd period - Snap shot by Michael Del Zotto.
19:52 of 3rd period - Goal by Michael Del Zotto - Stars : 3 - Coyotes : 3.
19:52 of 3rd period - Thomas McCollum from Coyotes was sent back in the game.
19:53 of 3rd period - Alexander Frolov wins face-off versus Evgeny Artyukhin in neutral zone.
Goals for this period are 0 for Stars vs 1 for Coyotes.
Shots for this period are 8 for Stars vs 9 for Coyotes.

Overtime #1


0:01 of 1st overtime period - Zach Parise wins face-off versus John Tavares in neutral zone.
0:05 of 1st overtime period - Kristopher Letang is hit by Michael Grabner and loses puck.
0:08 of 1st overtime period - Minor Penalty to John Tavares for Hooking.
0:09 of 1st overtime period - Cory Emmerton wins face-off versus Nazem Kadri in Stars zone.
1:34 of 1st overtime period - Chris Stewart is hit by Alexander Frolov and loses puck.
2:08 of 1st overtime period - Penalty to John Tavares is over, John Tavares is back on ice.
2:56 of 1st overtime period - Off-side.
2:57 of 1st overtime period - Cory Emmerton wins face-off versus Brad Richards in neutral zone.
3:19 of 1st overtime period - Icing by Zach Parise.
3:20 of 1st overtime period - Evgeny Grachev wins face-off versus Nazem Kadri in Coyotes zone.
3:23 of 1st overtime period - Wrist shot by Ted Purcell.
3:23 of 1st overtime period - Shot Blocked by Nazem Kadri.
3:25 of 1st overtime period - Slapshot by Ted Purcell.
3:25 of 1st overtime period - Deflect By Cam Atkinson.
3:25 of 1st overtime period - Stopped by Thomas McCollum with a rebound.
3:27 of 1st overtime period - Backhand shot by Johnny Oduya.
3:27 of 1st overtime period - Stopped by Thomas McCollum with a rebound.
3:29 of 1st overtime period - Snap shot by Niklas Hjalmarsson.
3:29 of 1st overtime period - Stopped by Thomas McCollum without a rebound.
3:30 of 1st overtime period - John Tavares wins face-off versus Marian Gaborik in Coyotes zone.
3:33 of 1st overtime period - Slapshot by Guillaume Latendresse.
3:33 of 1st overtime period - Shot Misses the Net.
3:35 of 1st overtime period - Wrist shot by Michael Grabner.
3:35 of 1st overtime period - Shot Hit the Post.
3:56 of 1st overtime period - B.J. Crombeen is hit by Anton Stralman and loses puck.
4:46 of 1st overtime period - Snap shot by Guillaume Latendresse.
4:46 of 1st overtime period - Shot Misses the Net.
5:04 of 1st overtime period - Snap shot by Cam Atkinson.
5:04 of 1st overtime period - Stopped by Thomas McCollum with a rebound.
5:06 of 1st overtime period - Snap shot by Cam Atkinson.
5:06 of 1st overtime period - Deflect By Ted Purcell.
5:06 of 1st overtime period - Stopped by Thomas McCollum with a rebound.
5:18 of 1st overtime period - Slapshot by Thomas Hickey.
5:18 of 1st overtime period - Stopped by Brian Elliott without a rebound.
5:19 of 1st overtime period - Cory Emmerton wins face-off versus Anton Lander in Stars zone.
5:34 of 1st overtime period - Snap shot by Cory Emmerton.
5:34 of 1st overtime period - Shot Blocked by Kristopher Letang.
5:44 of 1st overtime period - Anton Lander is hit by Boris Valabik and loses puck.
5:51 of 1st overtime period - Slapshot by Jussi Jokinen.
5:51 of 1st overtime period - Stopped by Thomas McCollum with a rebound.
5:53 of 1st overtime period - Snap shot by Antoine Vermette.
5:53 of 1st overtime period - Stopped by Thomas McCollum with a rebound.
5:55 of 1st overtime period - Snap shot by Alex Chiasson.
5:55 of 1st overtime period - Deflect By Jussi Jokinen.
5:55 of 1st overtime period - Stopped by Thomas McCollum with a rebound.
5:57 of 1st overtime period - Slapshot by Jussi Jokinen.
5:57 of 1st overtime period - Goal by Jussi Jokinen - Stars : 4 - Coyotes : 3.
Goals for this period are 1 for Stars vs 0 for Coyotes.
Shots for this period are 9 for Stars vs 1 for Coyotes.